 Dungeon Crawl Stone Soup version 0.20.1-1-g8b1a95d (webtiles) character file.

81 digijack the Sneak (level 4, -1/40 HPs)
             Began as a Naga Assassin on Dec 19, 2017.
             Killed from afar by an oklob plant (13 damage)
             ... with a splash of acid
             ... created by the enmity of Fedhas Madash
             ... on level 2 of the Dungeon.
             The game lasted 00:16:42 (3086 turns).

digijack the Sneak (Naga Assassin)                  Turns: 3086, Time: 00:16:42

Health: -1/40      AC:  3    Str: 14    XL:     4   Next: 40%
Magic:  4/4        EV: 10    Int: 11    God:
Gold:   83         SH:  0    Dex: 13    Spells: 3/3 levels left

rFire    + . .     SeeInvis +   a - +2 dagger
rCold    . . .     Gourm    .   (no shield)
rNeg     . . .     Faith    .   b - +0 robe
rPois    +         Spirit   .   (no helmet)
rElec    .         Reflect  .   c - +0 cloak
rCorr    .         Harm     .   (no gloves)
MR       .....                  (no barding)
Stlth    +++.......             (no amulet)
Regen    0.2/turn               e - ring of protection from fire
MPRegen  0.1/turn               (no ring)

@: very slow
A: see invisible, deformed body, poison resistance, slowness 2, slow metabolism
1, spit poison 1, AC +1
a: Spit Poison


You were on level 2 of the Dungeon.
You were not hungry.

You visited 1 branch of the dungeon, and saw 2 of its levels.

You collected 83 gold pieces.

Inventory:

Hand Weapons
 a - a +2 dagger (weapon)
Armour
 b - a +0 robe (worn)
 c - a +0 cloak (worn)
Jewellery
 e - a ring of protection from fire (left hand)
Scrolls
 h - 3 scrolls of identify
Potions
 d - a potion of cancellation
Comestibles
 f - a royal jelly
 g - 2 chunks of flesh


   Skills:
 + Level 2.5 Fighting
 + Level 2.7 Short Blades
 + Level 2.4 Throwing
 + Level 1.5 Dodging
 + Level 6.4 Stealth


You had 3 spell levels left.
You didn't know any spells.

Dungeon Overview and Level Annotations

Branches:
Dungeon (2/15)

Altars:
Fedhas

Annotations:
D:2 exclusion: 3 oklob plants


Innate Abilities, Weirdness & Mutations

You cannot wear boots.
Your serpentine skin is tough. (AC +1)
You have supernaturally acute eyesight. (SInv)
Armour fits poorly on your strangely shaped body.
Your system is resistant to poisons. (rPois)
You cover ground very slowly.
You have a slow metabolism.
You can spit poison.


Message History

Marking area around the oklob plant as unsafe for travelling.
Marking area around the oklob plant as unsafe for travelling.
Marking area around the oklob plant as unsafe for travelling. 3 oklob plants come into view.
The wandering mushroom closely misses you.
The wandering mushroom releases spores at the plant!
You hit the wandering mushroom.
The wandering mushroom is lightly damaged.
The oklob plant spits acid at you.
Fedhas protects a plant from harm.
The splash of acid hits you!
You are splashed with acid!
The acid burns!
The wandering mushroom releases spores at you.
* * * LOW HITPOINT WARNING * * *
You are engulfed in a cloud of spores!
The wandering mushroom releases spores at the plant!
The wandering mushroom releases spores at the plant but does no damage.
The oklob plant spits acid at you.
Fedhas protects a plant from harm.
The splash of acid hits you!
You die...

≈≈≈≈≈≈≈♣≈♣#............
≈≈≈≈≈≈≈≈≈≈#....)...#
≈≈≈≈≈≈≈≈♣♣#.###>..##
≈≈≈≈≈≈≈≈≈≈#.# ##.## #
≈≈≈≈≈≈≈♣♣♣#.####.####.##
≈≈≈≈≈≈≈≈♣≈.....PPP.≈P..P
≈≈≈≈≈≈≈≈≈≈..####.≈≈♣P≈PP
≈≈≈≈≈≈≈≈≈♣..# #.fP≈≈≈≈≈
≈≈≈≈≈≈≈≈♣♣..####@P≈≈.P≈♣
≈≈≈≈P≈≈P♣#...f...P###P.P
≈≈≈≈≈≈≈≈P#...###### PP
≈≈≈≈≈♣≈♣≈#.... .
≈≈≈≈≈P≈≈≈#...##
≈≈≈≈≈PP♣##.... .... ..
)♣≈≈≈≈♣♣# #..# ..#P..P≈≈
≈P≈≈♣P≈≈# #..#
#.PPP≈≈≈♣P ♣≈≈≈♣≈###
#..# #P≈≈≈♣≈PP.


You could see 3 oklob plants and 2 wandering mushrooms.

Vanquished Creatures
  2 adders (D:2)
  A gnoll (D:2)
  2 worms (D:2)
  A dart slug (D:1)
  2 leopard geckos (D:1)
  6 bats
  A giant cockroach (D:1)
  4 goblins
  6 hobgoblins
  A jackal (D:2)
  A quokka (D:2)
  5 frilled lizards
  8 kobolds
  5 rats (D:1)
  A plant (D:1)
46 creatures vanquished.

Notes
Turn   | Place    | Note
-------+----------+-------------------------------------------
     0 | D:1      | digijack the Naga Assassin began the quest for the Orb.
     0 | D:1      | Reached XP level 1. HP: 19/19 MP: 1/1
    30 | D:1      | Reached skill level 6 in Stealth
   474 | D:1      | Reached XP level 2. HP: 23/26 MP: 2/2
   603 | D:1      | Reached skill level 1 in Dodging
  1543 | D:1      | Reached XP level 3. HP: 32/32 MP: 3/3
  2523 | D:2      | Reached XP level 4. HP: 40/40 MP: 4/4
  2540 | D:2      | Found a faded altar of an unknown god.
  2562 | D:2      | Became a worshipper of Fedhas Madash
  2562 | D:2      | Reached * piety under Fedhas
  2744 | D:2      | Fell from the grace of Fedhas
  3082 | D:2      | Noticed an oklob plant
  3082 | D:2      | Noticed an oklob plant
  3082 | D:2      | Noticed a wandering mushroom
  3082 | D:2      | Noticed a wandering mushroom
  3082 | D:2      | Noticed an oklob plant
  3086 | D:2      | Killed from afar by an oklob plant

Skill      XL: |  1  2 |
---------------+-------+-----
Stealth        | 6 |  6.4
Dodging        | 1 |  1.5
Throwing       | 2 |  2.4
Fighting       | |  2.5
Short Blades   | |  2.7

Action                   |  1- 3 |  4- 6 || total
-------------------------+-------+-------++-------
Melee: Dagger            |   221 |    56 ||   277
Invok: Renounce Religion |       |     1 ||     1
  Use: Scroll            |     4 |     1 ||     5
       Potion            |     4 |       ||     4
 Stab: Sleeping          |    10 |     4 ||    14
       Distracted        |     2 |       ||     2
  Eat: Bread ration      |     1 |       ||     1
       Royal jelly       |       |     1 ||     1
Armor: Robe              |    36 |     5 ||    41
Dodge: Dodged            |    75 |    19 ||    94
